 Dungeon Crawl Stone Soup version 0.17.0-19-gb37c632 (console) character file.

2839 Garrluk the Destroyer (level 9, 0/62 HPs)
             Began as a Purple Draconian Venom Mage on Nov 12, 2015.
             Was a Believer of Sif Muna.
             Slain by a wight
             ... wielding a +1 war axe of freezing
              (4 damage)
             ... on level 8 of the Dungeon.
             The game lasted 00:24:21 (5761 turns).

Garrluk the Destroyer (Purple Draconian Venom Mage) Turns: 5761, Time: 00:24:21

Health: 0/62       AC: 11    Str: 12    XL:     9   Next: 46%
Magic:  30/30      EV: 12    Int: 18    God:    Sif Muna [**....]
Gold:   435        SH:  0    Dex: 11    Spells: 4 memorised, 13 levels left

rFire  . . .     SeeInvis .     F - +7 falchion {freeze, +Inv +Fly rPois}
rCold  . . .     Clarity  .     (armour unavailable)
rNeg   . . .     SustAt   .     (no shield)
rPois  +         Gourm    .     (helmet restricted)
rElec  .         Spirit   .     x - +1 cloak
rCorr  .         Warding  .     (no gloves)
rMut   .         Stasis   .     y - +1 pair of boots
MR     +....                    r - amulet of regeneration
Stlth  +.........               o - ring of wizardry
                                e - ring of magical power

@: drained, somewhat resistant to hostile enchantments, very unstealthy
A: breathe power, unfitting armour, cold-blooded, AC +7
a: Breathe Dispelling Energy, Channel Energy, Forget Spell, Renounce Religion,
Evoke Invisibility, Evoke Flight


You were on level 8 of the Dungeon.
You worshipped Sif Muna.
Sif Muna was pleased with you.
You were hungry.

You visited 2 branches of the dungeon, and saw 10 of its levels.
You also visited: Ossuary.

You collected 435 gold pieces.

Notes
Turn   | Place    | Note
--------------------------------------------------------------
     0 | D:1      | Garrluk the Draconian Venom Mage began the quest for the Orb.
     0 | D:1      | Reached XP level 1. HP: 14/14 MP: 3/3
   214 | D:1      | Found a shattered altar of Ashenzari.
   443 | D:1      | Reached XP level 2. HP: 11/20 MP: 5/5
   465 | D:1      | Learned a level 2 spell: Cure Poison
   476 | D:1      | Reached skill level 1 in Conjurations
   816 | D:2      | Reached XP level 3. HP: 24/26 MP: 2/6
   902 | D:2      | Learned a level 3 spell: Mephitic Cloud
  1587 | D:2      | Reached XP level 4. HP: 12/33 MP: 1/8
  1723 | D:3      | Found a glowing golden altar of the Shining One.
  1852 | D:4      | Noticed an ogre
  1861 | D:4      | Noticed an ogre
  1864 | D:4      | Killed an ogre
  1864 | D:4      | Reached XP level 5. HP: 38/38 MP: 1/9
  1913 | D:4      | Found an iron altar of Okawaru.
  1943 | D:4      | Killed an ogre
  2023 | D:4      | Reached XP level 6. HP: 42/45 MP: 11/11
  2061 | D:4      | Found an ancient bone altar of Kikubaaqudgha.
  2138 | D:4      | Found a sparkling altar of Nemelex Xobeh.
  2221 | D:4      | Found a sand-covered staircase.
  2228 | Ossuary  | Entered an ossuary
  2358 | Ossuary  | Reached skill level 5 in Conjurations
  2966 | D:3      | Found a basalt altar of Yredelemnul.
  3214 | D:4      | Got a shimmering falchion
  3215 | D:4      | Identified the +7 falchion of War {freeze, +Inv +Fly rPois} (You found it on level 4 of the Dungeon)
  3380 | D:5      | Entered Level 5 of the Dungeon
  3400 | D:5      | Reached skill level 5 in Spellcasting
  3400 | D:5      | Your scales start taking on a rich purple colour.
  3400 | D:5      | Reached XP level 7. HP: 50/50 MP: 5/14
  3562 | D:5      | Reached skill level 6 in Conjurations
  4076 | D:5      | Reached skill level 7 in Conjurations
  4152 | D:5      | Found a blossoming altar of Fedhas.
  4167 | D:5      | Noticed an oklob plant
  4260 | D:5      | Reached XP level 8. HP: 55/57 MP: 17/17
  4291 | D:5      | Learned a level 5 spell: Venom Bolt
  4493 | D:6      | Reached skill level 8 in Conjurations
  4518 | D:6      | Noticed Sigmund
  4536 | D:6      | Noticed Menkaure
  4617 | D:6      | Found a staircase to the Ecumenical Temple.
  4626 | Temple   | Entered the Ecumenical Temple
  4663 | Temple   | Became a worshipper of Sif Muna the Loreminder
  4734 | D:6      | Found a blossoming altar of Fedhas.
  4881 | D:7      | Reached * piety under Sif Muna
  4881 | D:7      | Reached skill level 9 in Conjurations
  4942 | D:8      | Found a sacrificial altar of Ru.
  5121 | D:8      | Noticed Joseph
  5154 | D:8      | Killed Joseph
  5154 | D:8      | Reached XP level 9. HP: 58/62 MP: 2/20
  5245 | D:8      | Reached skill level 10 in Conjurations
  5392 | D:8      | Noticed Maurice
  5413 | D:8      | Killed Maurice
  5413 | D:8      | Reached ** piety under Sif Muna
  5761 | D:8      | Slain by a wight

Inventory:

Hand Weapons
 d - a +0 dagger
   (You took it off a goblin on level 1 of the Dungeon)
 j - a +1 quarterstaff of speed
   (You found it on level 4 of the Dungeon)
 F - the +7 falchion of War (weapon) {freeze, +Inv +Fly rPois}
   (You found it on level 4 of the Dungeon)

   It has been specially enchanted to freeze those struck by it, causing extra
   injury to most foes and up to half again as much damage against particularly
   susceptible opponents.
   It can also slow down cold-blooded creatures.
   It protects you from poison.
   It lets you turn invisible.
   It lets you fly.
Armour
 x - a +1 cloak (worn)
   (You took it off Maurice on level 8 of the Dungeon)
 y - a +1 pair of boots (worn)
   (You found it on level 4 of the Dungeon)
 B - a +0 pair of boots
   (You found it on level 3 of the Dungeon)
Jewellery
 e - a ring of magical power (left hand)
   (You found it on level 1 of the Dungeon)
 k - a +3 ring of evasion
   (You found it on level 1 of the Dungeon)
 o - a ring of wizardry (right hand)
   (You took it off a goblin on level 2 of the Dungeon)
 r - an amulet of regeneration (around neck)
   (You found it on level 3 of the Dungeon)
 C - an uncursed ring of wizardry
   (You found it on level 9 of the Dungeon)
Wands
 q - a wand of frost (24)
   (You found it on level 2 of the Dungeon)
 G - a wand of confusion (32)
   (You found it on level 8 of the Dungeon)
 H - a wand of digging (24)
   (You found it on level 5 of the Dungeon)
 L - a wand of magic darts (16)
   (You took it off a big kobold on level 8 of the Dungeon)
Scrolls
 c - 6 scrolls of identify
 g - a scroll of remove curse
 l - a scroll of enchant weapon
 m - a scroll of amnesia
 n - 2 scrolls of enchant armour
 D - a scroll of blinking {unknown}
 K - a scroll of magic mapping
Potions
 h - 2 potions of might {unknown}
 i - 2 potions of curing
 s - a potion of resistance {unknown}
 u - a potion of berserk rage {unknown}
 w - a potion of beneficial mutation {unknown}
 z - a potion of magic {unknown}
 E - 2 potions of mutation {unknown}
 J - a potion of flight {unknown}
Books
 a - a Young Poisoner's Handbook

   Spells                             Type                      Level
   a - Sting                          Conjuration/Poison           1
   b - Cure Poison                    Poison                       2
   c - Mephitic Cloud                 Conjuration/Poison/Air       3
   d - Olgreb's Toxic Radiance        Poison                       4
   e - Venom Bolt                     Conjuration/Poison           5
 t - a book of Beasts
   (You found it on level 4 of the Dungeon)

   Spells                             Type                      Level
   a - Summon Butterflies             Summoning                    1
   b - Call Canine Familiar           Summoning                    3
   c - Summon Ice Beast               Ice/Summoning                4
   d - Summon Mana Viper              Hexes/Summoning              5
   e - Summon Hydra                   Summoning                    7
Comestibles
 b - 3 bread rations
 f - 5 meat rations
 v - 33 fruits

Table legend:
 A = Turns spent in this place as a percentage of turns spent in the entire game.
 B = Non-inter-level travel turns spent in this place as a percentage of non-inter-level travel turns spent in the entire game.
 C = Inter-level travel turns spent in this place as a percentage of turns spent in this place.
 D = Turns resting spent in this place as a percentage of non-inter-level travel turns spent in this place.
 E = Turns spent auto-exploring this place as a percentage of non-inter-level travel turns spent in this place.
 F = Non-inter-level travel turns spent in this place divided by the number of levels of this place that you've seen.
                   A       B       C       D       E      F
               +-------+-------+-------+-------+-------+----------------------
         Total | 100.0 | 100.0 |   0.4 |   0.7 |   5.5 | 238.9
       Dungeon |  81.5 |  81.5 |   0.4 |   0.8 |   6.6 | 237.9
        Temple |   0.9 |   0.9 |   8.0 |   0.0 |   4.3 |  23.0
       Ossuary |  17.6 |  17.7 |   0.0 |   0.0 |   0.2 | 464.0
               +-------+-------+-------+-------+-------+----------------------


   Skills:
 - Level 1.7(1.2) Dodging
 - Level 1.7(1.2) Stealth
 + Level 8.4(7.8) Spellcasting
 * Level 10.6(9.9) Conjurations
 - Level 4.2(3.6) Poison Magic


You had 13 spell levels left.
You knew the following spells:

 Your Spells              Type           Power        Failure   Level  Hunger
a - Sting                 Conj/Pois      ####         1%          1    None
d - Mephitic Cloud        Conj/Pois/Air  ###.....     2%          3    #......
A - Venom Bolt            Conj/Pois      ####......   9%          5    #####..
X - Cure Poison           Pois           ###.......   1%          2    None


Dungeon Overview and Level Annotations

Branches:
Dungeon (9/15)             Temple (1/1) D:6
   Lair: D:8-11         Orc: D:9-12

Altars:
Ashenzari
Cheibriados
Dithmenos
Elyvilon
Fedhas
Gozag
Kikubaaqudgha
Makhleb
Nemelex Xobeh
Okawaru
Qazlal
Ru
Sif Muna
Trog
Vehumet
Xom
Yredelemnul
Zin
The Shining One

Annotations:
D:5 exclusion: oklob plant
D:6 Menkaure, Sigmund


Innate Abilities, Weirdness & Mutations

You can breathe bolts of dispelling energy.
Your rich purple scales are hard (AC +7).
Your body does not fit into most forms of armour.
You are cold-blooded and may be slowed by cold attacks.


Message History

* * * LOW HITPOINT WARNING * * *
The wight freezes you.
* * * LOW HITPOINT WARNING * * *
The wasp stings you.
* * * LOW HITPOINT WARNING * * *
Read which item? (? for menu, Esc to quit)
Okay, then.
Drink which item? (? for menu, Esc to quit)
You feel better. The wight barely misses you. The wasp barely misses you.
Read which item? (? for menu, Esc to quit)
As you read the scroll labeled YNLELA MIESHRU, it crumbles to dust.
It is a scroll of recharging.
Charge which item? (? for menu, Esc to quit)
Your wand of digging (13) glows for a moment and now has 24 charges.
The wasp stings you!
* * * LOW HITPOINT WARNING * * *
The wight hits you with a war axe of freezing!
* * * LOW HITPOINT WARNING * * *
The wight freezes you.
You die...

#......##'## ..o
#.....##...# ...
#.....)....# ...
#.....'..!.# ..
###.....##...# .
###........##'##
........P.##..#
#...........#..#
...........#######
.............y...#
..............@..##
.............z...#
.................#
.................##
........<.........#
.................##
.................##
...###............##
.....#......##....###
..........####.....#####
............###.........


You could see a wasp and a wight.

Table legend:
 A = Kills in this place as a percentage of kills in entire the game.
 B = Kills by you in this place as a percentage of kills by you in the entire game.
 C = Kills by friends in this place as a percentage of kills by friends in the entire game.
 D = Other kills in this place as a percentage of other kills in the entire game.
 E = Experience gained in this place as a percentage of experience gained in the entire game.
 F = Experience gained in this place divided by the number of levels of this place that you have seen.
                   A       B       C       D       E      F
               +-------+-------+-------+-------+-------+----------------------
         Total | 100.0 | 100.0 |  -nan | 100.0 | 100.0 | 368.7
       Dungeon |  87.7 |  87.5 |  -nan | 100.0 |  96.2 | 433.3
       Ossuary |  12.3 |  12.5 |  -nan |   0.0 |   3.8 | 156.0
               +-------+-------+-------+-------+-------+----------------------

Vanquished Creatures
  Monster Symbol All '5'
  A crimson imp (D:5)
1 creature vanquished. All '@' Maurice (D:8) Joseph (D:8)
2 creatures vanquished. All 'F' A giant frog (D:6)
1 creature vanquished. All 'K' 3 big kobolds 13 kobolds
16 creatures vanquished. All 'M' 2 mummies (Ossuary)
2 creatures vanquished. All 'O' 4 ogres
4 creatures vanquished. All 'S' 8 adders 3 ball pythons
11 creatures vanquished. All 'W' 2 phantoms
2 creatures vanquished. All 'Z' An elf zombie (Ossuary) 2 worker ant zombies (D:5) A hound skeleton (D:4) 3 adder zombies 6 gnoll zombies 2 goblin zombies (Ossuary) A hobgoblin zombie (Ossuary) 3 jackal zombies (Ossuary) An orc zombie (Ossuary) A quokka zombie (Ossuary) 3 rat zombies (Ossuary)
24 creatures vanquished. All 'a' 6 worker ants
6 creatures vanquished. All 'b' 6 bats
6 creatures vanquished. All 'c' 2 centaurs
2 creatures vanquished. All 'g' A gnoll shaman (D:5) 4 gnolls (D:5) 7 hobgoblins 9 goblins
21 creatures vanquished. All 'h' 2 hounds 10 jackals
12 creatures vanquished. All 'l' 6 iguanas 3 giant geckos 4 giant newts
13 creatures vanquished. All 'n' A necrophage (D:5)
1 creature vanquished. All 'o' An orc warrior (D:6) An orc priest (D:6) 2 orc wizards 9 orcs
13 creatures vanquished. All 'r' 7 rats
7 creatures vanquished. All 's' A scorpion (D:6) 9 giant cockroaches
10 creatures vanquished. All 'w' 4 worms
4 creatures vanquished. All 'z' 5 wights
5 creatures vanquished.
163 creatures vanquished. Monster Nature Uniques Maurice (D:8) Joseph (D:8)
2 creatures vanquished. Natural Monsters 4 ogres 2 centaurs An orc warrior (D:6) A giant frog (D:6) 3 big kobolds A scorpion (D:6) 2 hounds An orc priest (D:6) A gnoll shaman (D:5) 6 iguanas 2 orc wizards 6 worker ants 8 adders 4 gnolls (D:5) 4 worms 3 giant geckos 9 orcs 9 giant cockroaches 7 hobgoblins 10 jackals 3 ball pythons 6 bats 4 giant newts 9 goblins 13 kobolds 7 rats
126 creatures vanquished. Undead Monsters 2 phantoms A necrophage (D:5) An elf zombie (Ossuary) 5 wights 2 mummies (Ossuary) 2 worker ant zombies (D:5) A hound skeleton (D:4) 3 adder zombies 6 gnoll zombies 2 goblin zombies (Ossuary) A hobgoblin zombie (Ossuary) 3 jackal zombies (Ossuary) An orc zombie (Ossuary) A quokka zombie (Ossuary) 3 rat zombies (Ossuary)
34 creatures vanquished. Demonic Monsters A crimson imp (D:5)
1 creature vanquished.
163 creatures vanquished. Ascending Order Maurice (D:8) Joseph (D:8) An orc warrior (D:6) A necrophage (D:5) A giant frog (D:6) An elf zombie (Ossuary) A scorpion (D:6) A crimson imp (D:5) An orc priest (D:6) A gnoll shaman (D:5) A hound skeleton (D:4) An orc zombie (Ossuary) A quokka zombie (Ossuary) A hobgoblin zombie (Ossuary) 2 centaurs 2 phantoms 2 hounds 2 orc wizards 2 mummies (Ossuary) 2 worker ant zombies (D:5) 2 goblin zombies (Ossuary) 3 big kobolds 3 adder zombies 3 giant geckos 3 rat zombies (Ossuary) 3 ball pythons 3 jackal zombies (Ossuary) 4 ogres 4 gnolls (D:5) 4 worms 4 giant newts 5 wights 6 iguanas 6 worker ants 6 bats 6 gnoll zombies 7 hobgoblins 7 rats 8 adders 9 orcs 9 giant cockroaches 9 goblins 10 jackals 13 kobolds
163 creatures vanquished.

Action                   |  1- 3 |  4- 6 |  7- 9 || total
-------------------------+-------+-------+-------++-------
Melee: Mace              |     1 |       |       ||     1
       Dagger            |    11 |   306 |       ||   317
       Quarterstaff      |       |    17 |       ||    17
       Falchion          |       |     6 |   165 ||   171
 Cast: Sting             |   102 |    89 |   110 ||   301
       Mephitic Cloud    |     2 |     8 |    16 ||    26
       Cure Poison       |       |     2 |       ||     2
       Venom Bolt        |       |       |     2 ||     2
  Use: Scroll            |     2 |       |     6 ||     8
       Potion            |       |     2 |     2 ||     4
 Stab: Confused          |       |     1 |     4 ||     5
       Sleeping          |       |     1 |       ||     1
  Eat: Chunk             |     3 |     4 |     7 ||    14
       Bread ration      |       |     1 |       ||     1
       Beef jerky        |       |     1 |       ||     1
       Royal jelly       |       |       |     1 ||     1
